 Dungeon Crawl Stone Soup version 0.24-a0-516-g9de272bb65 (webtiles) character file.

Game seed: 17851780653488477985

21 nikopol the Firebug (level 2, -2/15 HPs)
             Began as a Deep Elf Fire Elementalist on July 21, 2019.
             Slain by a centaur (8 damage)
             ... on level 2 of the Dungeon.
             The game lasted 00:02:12 (951 turns).

nikopol the Firebug (Deep Elf Fire Elementalist)     Turns: 951, Time: 00:02:12

Health: -2/15      AC:  3    Str:  5    XL:     2   Next: 65%
Magic:  3/8        EV: 12    Int: 19    God:
Gold:   25         SH:  3    Dex: 15    Spells: 7/8 levels left

rFire    . . .     SeeInvis .   (no weapon)
rCold    . . .     Gourm    .   j - +0 buckler
rNeg     . . .     Faith    .   a - +0 robe
rPois    .         Spirit   .   (no helmet)
rElec    .         Reflect  .   (no cloak)
rCorr    .         Harm     .   (no gloves)
MR       .....                  k - +0 pair of boots
Stlth    ++........             (no amulet)
HPRegen  0.05/turn              (no ring)
MPRegen  0.11/turn              (no ring)

@: very slightly contaminated
A: no striking features
a: no special abilities


You were on level 2 of the Dungeon.
You were not hungry.

You visited 1 branch of the dungeon, and saw 2 of its levels.

You collected 25 gold pieces.

Inventory:

Armour
 a - a +0 robe (worn)
 j - a +0 buckler (worn)
 k - a +0 pair of boots (worn)
Jewellery
 e - an uncursed ring of magical power {unknown}
Scrolls
 b - a scroll of enchant weapon {unknown}
 d - 3 scrolls of amnesia {unknown}
 f - 2 scrolls of blinking {unknown}
 h - 4 scrolls of identify {unknown}
 i - a scroll of magic mapping {unknown}
Potions
 g - a potion of flight {unknown}
 l - a potion of agility {unknown}
Comestibles
 c - 4 rations


   Skills:
 + Level 2.7 Dodging
 + Level 2.4 Stealth
 + Level 3.6 Spellcasting
 + Level 1.2 Conjurations
 + Level 3.7 Fire Magic


You had 7 spell levels left.
You knew the following spells:

 Your Spells              Type           Power        Failure   Level  Hunger
a - Flame Tongue          Conj/Fire      ##...        9%          1    None

Your spell library contained the following spells:

 Spells                   Type           Power        Failure   Level  Hunger
 Throw Flame              Conj/Fire      ##....       13%         2    ##.....
 Conjure Flame            Conj/Fire      ##......     26%         3    ###....
 Inner Flame              Hex/Fire       ##......     32%         3    ###....
 Sticky Flame             Conj/Fire      ##......     63%         4    ####...
 Fireball                 Conj/Fire      ##........   93%         5    ######.


Dungeon Overview and Level Annotations

Branches:
Dungeon (2/15)

Altars:


Message History

Casting: Flame Tongue (safe; 9% risk of failure)
Confirm with . or Enter, or press ? or * to list all spells.
Aiming: Flame Tongue (safe; 9% risk of failure)
Press: ? - help, Shift-Dir - straight line, f/p - centaur
Aim: a centaur (almost dead)
You miscast Flame Tongue.
You are very lightly contaminated with residual magic.
Nothing appears to happen.
The centaur hits you but does no damage.
The adder completely misses you.
Casting: Flame Tongue (safe; 9% risk of failure)
Confirm with . or Enter, or press ? or * to list all spells.
Aiming: Flame Tongue (safe; 9% risk of failure)
Press: ? - help, Shift-Dir - straight line, f/p - centaur
Aim: a centaur (almost dead)
The flame tongue hits the centaur.
The centaur is almost dead.
The centaur hits you. The centaur hits you!
Ouch! That really hurt!
You die...

...# ...#
#≈≈..≈..≈.. ...#
≈≈..≈..≈⌠. ...#
≈≈...≈.⌠≈. ...#
≈≈..≈..≈. ...#
≈≈≈..≈..≈ ...#
#.≈.h≈... ####
#cS≈≈....
##########@.......
#........)........
#...............?#
#........#########
## #....>...# .#
#........# .#
#........# .##
#.###.#### ..#
#.###.#


You could see a centaur, an adder and a jackal.

Vanquished Creatures
  A worm (D:2)
  A giant cockroach (D:2)
  4 goblins
  3 hobgoblins (D:1)
  A quokka (D:2)
  2 bats
  A frilled lizard (D:1)
  3 kobolds (D:2)
  A rat (D:1)
17 creatures vanquished.

Notes
Turn   | Place    | Note
-------+----------+-------------------------------------------
     0 | D:1      | nikopol the Deep Elf Fire Elementalist began the quest for
                  | the Orb.
     0 | D:1      | Reached XP level 1. HP: 10/10 MP: 6/6
    52 | D:1      | You fall into a shaft and drop 1 floor!
   189 | D:1      | Reached XP level 2. HP: 15/15 MP: 5/8
   937 | D:2      | Noticed a centaur
   951 | D:2      | Slain by a centaur

Levels and vault maps discovered:
D:1:      dpeg_arrival_rooms_b, layout_basic
D:2:      cheibrodos_helix_gallery, layout_basic

Action                   || total
-------------------------++-------
 Cast: Flame Tongue      ||    37
Armor: Robe              ||     2
Dodge: Dodged            ||     9
Block: Buckler           ||     1

Table legend:
 A = Non-vault XP
 B = Vault XP
 C = Vault XP percentage of total XP
 D = Non-vault monster count
 E = Vault monster count
 F = Vault count percentage of total count
                 A         B        C        D         E       F
            +---------+---------+-------+---------+---------+-------
      Total |      31 |       0 |   0.0 |      17 |       0 |   0.0
            +---------+---------+-------+---------+---------+-------
        D:1 |      15 |       0 |   0.0 |       9 |       0 |   0.0
        D:2 |      16 |       0 |   0.0 |       8 |       0 |   0.0
            +---------+---------+-------+---------+---------+-------
